 Dungeon Crawl Stone Soup version 0.28-a0-991-g956f0ee3d5 (webtiles) character file.

Game seed: 14046736285953255545

67384 demibob the Cruncher (level 14, -7/111 HPs)
             Began as a Demonspawn Gladiator on Dec 4, 2021.
             Was the Champion of Okawaru.
             Mangled by an orc knight (13 damage)
             ... on level 2 of the Orcish Mines.
             The game lasted 00:35:26 (20207 turns).

demibob the Cruncher (Demonspawn Gladiator)        Turns: 20207, Time: 00:35:27

Health: -7/111     AC: 19    Str: 19    XL:     14   Next: 82%
Magic:  6/6        EV: 17    Int: 11    God:    Okawaru [******]
Gold:   2431       SH:  4    Dex: 14    Spells: 13/13 levels left

rFire   . . .      SeeInvis +   a - +8 lajatang (antimagic)
rCold   . . .      Faith    +   (shield currently unavailable)
rNeg    . . .      Spirit   .   G - +0 steam dragon scales
rPois   +          Reflect  .   c - +1 helmet
rElec   .          Harm     .   w - +2 cloak
rCorr   .          Rampage  .   m - +1 pair of gloves
Will    +....                   (no boots)
Stlth   +.........              g - amulet of faith {!P}
HPRegen 0.28/turn               v - ring of see invisible
MPRegen 0.10/turn               P - ring of poison resistance

@: no status effects
A: slimy green scales 2, powered by death 2, condensation shield, weakness
stinger 2
a: Renounce Religion, Heroism, Finesse, Duel


You were on level 2 of the Orcish Mines.
You worshipped Okawaru.
Okawaru was exalted by your worship.
You visited 3 branches of the dungeon, and saw 20 of its levels.

You collected 2431 gold pieces.


Innate Abilities, Weirdness & Mutations

You are mostly covered in slimy green scales. (AC +3)
You regenerate health from kills.
A meltable shield of frost defends you. (SH +4)
You have a tail ending in a sharp stinger.


   Skills:
 + Level 10.8 Fighting
 - Level 14.9 Staves
 - Level 6.3 Throwing
 + Level 11.1 Armour
 + Level 11.0 Dodging
 - Level 8.0 Invocations


You had 13 spell levels left.
You didn't know any spells.
Your spell library contained the following spells:

 Spells                   Type           Power      Damage    Failure   Level
 Foxfire                  Conj/Fire      0%         2x1d4     34%         1
 Magic Dart               Conj           0%         1d3       34%         1
 Pain                     Necr           0%         1d4       34%         1
 Corpse Rot               Necr/Air       0%         N/A       47%         2
 Ensorcelled Hibernation  Hex/Ice        0%         N/A       47%         2
 Poisonous Vapours        Pois/Air       0%         N/A       47%         2
 Searing Ray              Conj           0%         2d4       47%         2
 Sublimation of Blood     Necr           0%         N/A       47%         2
 Conjure Flame            Conj/Fire      0%         6-21      71%         3
 Inner Flame              Hex/Fire       0%         N/A       71%         3
 Mephitic Cloud           Conj/Pois/Air  0%         N/A       71%         3
 Portal Projectile        Hex/Tloc       0%         N/A       71%         3
 Spider Form              Tmut/Pois      0%         N/A       71%         3
 Vampiric Draining        Necr           0%         2d6       71%         3
 Cause Fear               Hex            0%         N/A       98%         4
 Dispel Undead            Necr           0%         3d6       98%         4
 Flame Wave               Conj/Fire      0%         2d4       98%         4
 Fulminant Prism          Conj/Hex       0%         3d6       98%         4
 Iskenderun's Mystic Bla  Conj/Tloc      0%         2d3       98%         4
 Leda's Liquefaction      Hex/Erth       0%         N/A       98%         4
 Passage of Golubria      Tloc           0%         N/A       98%         4
 Petrify                  Tmut/Erth      0%         N/A       98%         4
 Agony                    Necr           0%         N/A       100%        5
 Excruciating Wounds      Necr           0%         N/A       100%        5
 Fireball                 Conj/Fire      0%         3d3       100%        5
 Irradiate                Conj/Tmut      0%         3d13      100%        5
 Lee's Rapid Deconstruct  Erth           0%         3d5*      100%        5
 Silence                  Hex/Air        0%         N/A       100%        5
 Eringya's Noxious Bog    Tmut/Pois      0%         N/A       100%        6
 Starburst                Conj/Fire      0%         6d3       100%        6
 Dragon Form              Tmut           0%         N/A       100%        7
 Orb of Destruction       Conj           0%         N/A       100%        7
 Discord                  Hex            0%         N/A       100%        8
 Ignition                 Fire           0%         3d3       100%        8
 Lehudib's Crystal Spear  Conj/Erth      0%         10d2      100%        8
 Animate Skeleton         Necr           Unusable   N/A       N/A         1
 Call Imp                 Summ           Unusable   N/A       N/A         2
 Call Canine Familiar     Summ           Unusable   N/A       N/A         3
 Summon Guardian Golem    Hex/Summ       Unusable   N/A       N/A         3
 Summon Forest            Summ/Tloc      Unusable   N/A       N/A         5
 Death Channel            Necr           Unusable   N/A       N/A         6
 Spellforged Servitor     Conj/Summ      Unusable   N/A       N/A         7
 Summon Hydra             Summ           Unusable   N/A       N/A         7
 Dragon's Call            Summ           Unusable   N/A       N/A         9

Inventory:

Hand Weapons
 a - a +8 antimagic lajatang (weapon)
 b - a +4 spectral quarterstaff
Missiles
 k - 99 poisoned darts (quivered)
 y - 14 javelins
Armour
 c - a +1 helmet (worn)
 m - a +1 pair of gloves (worn)
 w - a +2 cloak (worn)
 G - +0 steam dragon scales (worn)
Jewellery
 g - an amulet of faith (around neck) {!P}
 v - a ring of see invisible (left hand)
 C - a ring of protection from cold
 M - a ring of magical power
 P - a ring of poison resistance (right hand)
 R - a ring of resist corrosion
 Z - a ring of wizardry
Wands
 j - a wand of flame (56)
 q - a wand of acid (8)
 x - a wand of digging (12)
 E - a wand of polymorph (8)
 F - a wand of iceblast (11)
Scrolls
 e - 3 scrolls of magic mapping
 h - 14 scrolls of teleportation {@r2}
 i - 3 scrolls of enchant armour
 p - 2 scrolls of blinking
 u - 3 scrolls of fear
 A - 5 scrolls of identify {@r1}
Potions
 d - 2 potions of flight
 f - a potion of invisibility {unknown}
 l - 5 potions of haste {@q3}
 n - 2 potions of heal wounds {@q2}
 o - 12 potions of curing {@q1}
 s - a potion of cancellation
 t - 5 potions of attraction
 z - a potion of mutation
 H - a potion of ambrosia {unknown}
 J - a potion of resistance {unknown}

Dungeon Overview and Level Annotations

Branches:
Dungeon (12/15)            Temple (0/1) D:4            Lair (6/6) D:11
 Shoals (0/4) Lair:2        Snake (0/4) Lair:3        Slime (0/5) Lair:6
    Orc (2/2) D:12            Elf (0/3) Orc:2

Altars:
Elyvilon
Fedhas
Gozag
Hepliaklqana
Makhleb
Okawaru
Trog
Xom
Zin
The Shining One
Beogh

Shops:
D:7 (   D:9 [   Orc:1 !   Orc:2 [*

Annotations:
D:9 2 transporters
Lair:2 3 runed translucent doors, Reubyar's ghost, journeyman MiBe
Lair:3 1 runed translucent door, Buacuz's ghost, journeyman NaWn
Orc:2 1 runed translucent door, Berder's ghost, journeyman DjCK

*##....................
#..............#.....)
##..............#......
#......................
##.....▒▒▒▒▒.#........)
#......▒,,,▒##........)
##......▒§§§▒##.........
#.....oo▒W§§▒...........
##.....@▒▒+▒▒)..........
##...........[..........
#...............).......
##......................
#........†......[[......
#.......<...........##..
##...................#o.
#......................
*#......................


You could see 2 orc knights.


Message History

The orc knight misses you.
You slash the orc knight!
The orc knight is moderately wounded.
The orc knight hits you but does no damage.
You closely miss the orc knight.
The orc knight is moderately wounded.
The orc knight hits you with a +2 great mace!!
You hit the orc knight but do no damage.
Your tail-slap misses the orc knight.
The orc knight is moderately wounded.
You slash the orc knight!
The orc knight is heavily wounded.
The orc knight hits you with a +2 great mace!!
The orc knight misses you.
You hit the orc knight.
The orc knight is heavily wounded.
You block the orc knight's attack.
You slice the orc knight!!
The orc knight is severely wounded.
The orc knight hits you with a +0 war axe!
* * * LOW HITPOINT WARNING * * *
You hit the orc knight.
The orc knight is almost dead.
The orc knight barely misses you. You block the orc knight's attack.
You closely miss the orc knight.
The orc knight is almost dead.
The orc knight hits you with a +2 great mace!!!
* * * LOW HITPOINT WARNING * * *
The orc knight hits you with a +0 war axe!
You die...

Skill      XL: |  1  2  3  4  5  6  7  8  9 10 11 12 13 14 |
---------------+-------------------------------------------+-----
Staves         | 3 4 5 6 7 8 10 11 13 14 | 14.9
Invocations    | 3 4 8 |  8.0
Armour         | 4 5 6 8 10 11 | 11.1
Dodging        | 5 7 9 11 | 11.0
Fighting       | 6 8 9 10 | 10.8
Throwing       | 3 4 6 |  6.3

Action                   |  1- 3 |  4- 6 |  7- 9 | 10-12 | 13-15 || total
-------------------------+-------+-------+-------+-------+-------++-------
Melee: Quarterstaff      |   106 |    62 |   255 |    94 |    27 ||   544
       Tailslap          |       |     2 |    47 |    96 |   165 ||   310
       Lajatang          |       |       |       |   461 |   875 ||  1336
Throw: Throwing net      |     2 |     1 |     2 |       |       ||     5
       Dart              |       |       |       |    10 |       ||    10
Invok: Heroism           |       |       |     3 |     7 |     9 ||    19
Evoke: Wand              |       |       |       |     5 |     9 ||    14
  Use: Scroll            |     2 |     8 |     3 |    10 |     2 ||    25
       Potion            |     1 |       |     1 |     7 |     3 ||    12
 Stab: Sleeping          |     1 |       |       |     1 |     3 ||     5
       Held in net/web   |     2 |       |       |       |       ||     2
       Distracted        |       |       |     1 |     1 |       ||     2
Armor: Leather armour    |    29 |       |       |       |       ||    29
       Chain mail        |     6 |    42 |   123 |   174 |       ||   345
       Steam dragon scal |       |       |       |    37 |   280 ||   317
Dodge: Dodged            |    57 |    22 |    61 |   224 |   610 ||   974
Block: Other             |       |     2 |    24 |    71 |   119 ||   216

Levels and vault maps discovered:
D:1:      minmay_arrival_five_plusses, layout_basic
D:2:      layout_loops_corners, uniq_terence
D:3:      minmay_evil_eye, layout_basic, fedhas_altar_3,
          nicolae_overflow_hallway_of_the_gods, serial_bayou_pond_c,
          uniq_grinder
D:4:      layout_cave_pools, minmay_temple_entry_antechambers,
          kennysheep_pointless_box, uniq_blork_the_orc
D:5:      cheibrodos_barr_body, layout_basic, tso_metal_star,
          nicolae_elevator_lobby_plus
D:6:      layout_loops_ring, kennysheep_mini, uniq_edmund, uniq_pikel
D:7:      minmay_inner_zag, layout_basic, serial_shops, shop,
          grunt_decor_arrowhead, minmay_a_box_with_orc_wizards_in_it
D:8:      layout_basic, mainiacjoe_overflow_chevrons, kennysheep_big_empty_room,
          minivault_1, minmay_misc_feat_ornament
D:9:      gammafunk_boulding_lane, layout_basic, serial_shops,
          nicolae_shop_temple_entry_statues_fountains
D:10:     layout_loops_ring, hellmonk_guarded_unrand_frostbite
D:11:     layout_cave_pods, lair_entry_dummy, uniq_josephine
D:12:     layout_loops_ring, minmay_orc_entry_temple_small,
          hangedman_abyss_or_decor_stagger, zin_treasury
Lair:1:   layout_roguey, grunt_megastairs_4
Lair:2:   kb_forest_paths, layout_gridlike, elwin_shoals_entry_stream,
          gammafunk_ghost_necromancy
Lair:3:   layout_roguey, minmay_snake_entry_guardpost_small, ebering_ghost_xom,
          basic_altar
Lair:4:   layout_hall_layers
Lair:5:   layout_big_grid, beast_lair_carwin_3
Lair:6:   hangedman_lair_caniforms_friends, layout_loops_ring,
          guppyfry_lair_end_dragon, minmay_slime_entry_eyes
Orc:1:    layout_caves, serial_shops, shop
Orc:2:    grunt_orc_gardens, layout_caves, grunt_orc_garden, grunt_orc_garden,
          grunt_orc_garden, grunt_orc_garden, serial_shops,
          nicolae_diamond_shop, ebering_ghost_inner_flame

Notes
Turn   | Place    | Note
-------+----------+-------------------------------------------
     0 | D:1      | demibob the Demonspawn Gladiator began the quest for the
                  | Orb.
     0 | D:1      | Reached XP level 1. HP: 16/16 MP: 1/1
   134 | D:1      | Reached skill level 3 in Staves
   213 | D:1      | Gained mutation: You regenerate a little health from kills.
                  | [demonic ancestry]
   213 | D:1      | Reached XP level 2. HP: 22/22 MP: 2/2
   958 | D:2      | Gained mutation: You are partially covered in slimy green
                  | scales. (AC +2) [demonic ancestry]
   958 | D:2      | Reached XP level 3. HP: 27/27 MP: 3/3
  1205 | D:2      | Reached skill level 4 in Staves
  1230 | D:2      | Noticed Terence
  1249 | D:2      | Killed Terence
  1731 | D:2      | Reached XP level 4. HP: 27/33 MP: 4/4
  2303 | D:3      | Found a blossoming altar of Fedhas.
  2578 | D:3      | Found a hazy altar of Hepliaklqana.
  2578 | D:3      | Found a shimmering altar of Xom.
  2596 | D:3      | Found an iron altar of Okawaru.
  2598 | D:3      | Found an opulent altar of Gozag.
  2603 | D:3      | Found a burning altar of Makhleb.
  2605 | D:3      | Reached skill level 5 in Staves
  2614 | D:3      | Became a worshipper of Warmaster Okawaru
  2639 | D:3      | Gained mutation: You have a small tail. [demonic ancestry]
  2639 | D:3      | Reached XP level 5. HP: 38/38 MP: 5/5
  3136 | D:3      | Noticed Grinder
  3275 | D:3      | Killed Grinder
  3276 | D:3      | Reached skill level 6 in Staves
  3276 | D:3      | Gained mutation: A meltable shield of frost defends you.
                  | (SH +4) [demonic ancestry]
  3276 | D:3      | Reached XP level 6. HP: 44/44 MP: 6/6
  3431 | D:4      | Reached skill level 7 in Staves
  3493 | D:4      | Reached * piety under Okawaru
  3494 | D:4      | Gained mutation: You have a tail ending in a sharp stinger.
                  | [demonic ancestry]
  3494 | D:4      | Reached XP level 7. HP: 47/50 MP: 7/7
  3552 | D:4      | Noticed Blork the orc
  3559 | D:4      | Killed Blork the orc
  3560 | D:4      | Reached skill level 1 in Invocations
  3672 | D:4      | Found a staircase to the Ecumenical Temple.
  3920 | D:5      | Entered Level 5 of the Dungeon
  3977 | D:5      | Reached skill level 2 in Invocations
  4021 | D:5      | Reached skill level 8 in Staves
  4130 | D:5      | Reached skill level 3 in Invocations
  4387 | D:5      | Reached XP level 8. HP: 56/56 MP: 10/10
  4390 | D:5      | Reached skill level 4 in Invocations
  4420 | D:5      | Reached ** piety under Okawaru
  4436 | D:5      | Reached skill level 1 in Armour
  4441 | D:5      | Reached skill level 9 in Staves
  4445 | D:5      | Reached skill level 2 in Armour
  5139 | D:6      | Found a bloodstained altar of Trog.
  5153 | D:6      | Reached skill level 3 in Armour
  5454 | D:6      | Noticed Edmund
  5456 | D:6      | Noticed Pikel
  5464 | D:6      | Killed Edmund
  5465 | D:6      | Reached skill level 10 in Staves
  5468 | D:6      | Killed Pikel
  5468 | D:6      | Reached *** piety under Okawaru
  5469 | D:6      | Reached skill level 4 in Armour
  5469 | D:6      | Reached XP level 9. HP: 47/61 MP: 10/12
  5688 | D:7      | Found Guadgh's Antique Weapon Emporium.
  5778 | D:7      | Reached **** piety under Okawaru
  5836 | D:7      | Reached skill level 11 in Staves
  6082 | D:7      | Received a gift from Okawaru
  6138 | D:7      | Reached skill level 5 in Armour
  6981 | D:8      | Reached ***** piety under Okawaru
  7174 | D:8      | Reached XP level 10. HP: 67/67 MP: 13/13
  7481 | D:9      | Found a transporter.
  7499 | D:9      | Found a transporter.
  7500 | D:9      | Noticed a boulder beetle
  7586 | D:9      | Identified a +1 robe of resistance
  7638 | D:9      | Reached skill level 3 in Dodging
  7658 | D:9      | Noticed a two-headed ogre
  7671 | D:9      | Killed a two-headed ogre
  7671 | D:9      | Received a gift from Okawaru
  7672 | D:9      | Reached skill level 12 in Staves
  7861 | D:9      | Received a gift from Okawaru
  7871 | D:9      | Noticed a boulder beetle
  7872 | D:9      | Found Zockimo's Antique Armour Boutique.
  7890 | D:9      | HP: 4/67 [boulder beetle (19)]
  7892 | D:9      | Killed a boulder beetle
  7893 | D:9      | Reached skill level 4 in Dodging
  8375 | D:10     | Entered Level 10 of the Dungeon
  8535 | D:10     | Noticed a two-headed ogre
  8537 | D:10     | Noticed a two-headed ogre
  8545 | D:10     | Killed a two-headed ogre
  8546 | D:10     | Reached skill level 13 in Staves
  8553 | D:10     | Killed a two-headed ogre
  8554 | D:10     | Reached skill level 5 in Dodging
  8854 | D:10     | Received a gift from Okawaru
  8855 | D:10     | Reached XP level 11. HP: 74/74 MP: 4/14
  8910 | D:10     | Reached skill level 3 in Fighting
  9067 | D:10     | Found the +8 frozen axe "Frostbite" {freezing cloud, *Noise
                  | Fly rC+}
  9629 | D:11     | Noticed a two-headed ogre
  9901 | D:11     | Noticed Josephine
  9919 | D:11     | Killed Josephine
  9920 | D:11     | Reached skill level 4 in Fighting
  9920 | D:11     | Reached skill level 14 in Staves
 10063 | D:11     | Found a staircase to the Lair.
 10075 | D:11     | Noticed a centaur warrior
 10090 | D:11     | Killed a centaur warrior
 10430 | D:11     | Reached skill level 5 in Fighting
 10473 | D:11     | Noticed a two-headed ogre
 10478 | D:11     | Noticed a two-headed ogre
 10479 | D:11     | Killed a two-headed ogre
 10479 | D:11     | Reached ****** piety under Okawaru
 10479 | D:11     | Received a gift from Okawaru
 10487 | D:11     | Killed a two-headed ogre
 10711 | D:11     | Killed a two-headed ogre
 10711 | D:11     | Identified the +3 great mace "Xualiali" {pain, rElec Int-5
                  | Dex+7 Stlth+} (Okawaru gifted it to you on level 11 of the
                  | Dungeon)
 10711 | D:11     | Received a gift from Okawaru
 11237 | D:12     | Found a staircase to the Orcish Mines.
 11240 | D:12     | Noticed a centaur warrior
 11318 | D:12     | Reached skill level 6 in Fighting
 11779 | D:12     | Killed a centaur warrior
 11780 | D:12     | Reached skill level 6 in Armour
 11780 | D:12     | Gained mutation: You regenerate health from kills. [demonic
                  | ancestry]
 11780 | D:12     | Reached XP level 12. HP: 28/89 MP: 5/15
 12152 | Lair:1   | Entered Level 1 of the Lair of Beasts
 12167 | Lair:1   | Reached skill level 6 in Dodging
 12172 | Lair:1   | Received a gift from Okawaru
 12671 | Lair:1   | Reached skill level 7 in Fighting
 12758 | Lair:1   | Noticed a four-headed hydra
 12761 | Lair:1   | Reached skill level 7 in Armour
 12764 | Lair:1   | Killed a four-headed hydra
 12764 | Lair:1   | Received a gift from Okawaru
 12920 | Lair:2   | Reached skill level 2 in Throwing
 12920 | Lair:2   | Reached skill level 7 in Dodging
 13235 | Lair:2   | Found a runed translucent gate.
 13235 | Lair:2   | Found a runed translucent gate.
 13235 | Lair:2   | Found a runed translucent gate.
 13240 | Lair:2   | Noticed Reubyar's ghost (journeyman MiBe)
 13579 | Lair:2   | Reached skill level 8 in Fighting
 13623 | Lair:2   | Reached skill level 3 in Throwing
 13755 | Lair:2   | Identified the +8 quarterstaff "Newtslayer" {vorpal, rPois}
                  | (Okawaru gifted it to you on level 2 of the Lair of Beasts)
 13755 | Lair:2   | Received a gift from Okawaru
 14259 | Lair:2   | Noticed a five-headed hydra
 14266 | Lair:2   | Killed a five-headed hydra
 14267 | Lair:2   | Reached skill level 8 in Armour
 14474 | Lair:2   | Found a staircase to the Shoals.
 14672 | Lair:3   | Found a staircase to the Snake Pit.
 14672 | Lair:3   | Found a runed translucent door.
 14672 | Lair:3   | Found a shimmering altar of Xom.
 14672 | Lair:3   | Noticed Buacuz's ghost (journeyman NaWn)
 14681 | Lair:3   | Reached XP level 13. HP: 99/99 MP: 4/16
 14688 | Lair:3   | Reached skill level 8 in Dodging
 14698 | Lair:3   | Reached skill level 5 in Invocations
 14781 | Lair:3   | Received a gift from Okawaru
 14972 | Lair:3   | Reached skill level 6 in Invocations
 15329 | Lair:3   | Found an iron altar of Okawaru.
 15606 | Lair:4   | Reached skill level 7 in Invocations
 15768 | Lair:4   | Reached skill level 9 in Armour
 15773 | Lair:4   | Received a gift from Okawaru
 15813 | Lair:4   | Reached skill level 9 in Dodging
 15836 | Lair:4   | Reached skill level 8 in Invocations
 16729 | Lair:5   | Received a gift from Okawaru
 16764 | Lair:5   | Reached skill level 9 in Fighting
 16909 | Lair:5   | Received a gift from Okawaru
 17009 | Lair:5   | Reached skill level 4 in Throwing
 17081 | Lair:5   | Reached skill level 10 in Armour
 17086 | Lair:5   | Gained mutation: You are mostly covered in slimy green
                  | scales. (AC +3) [demonic ancestry]
 17086 | Lair:5   | Reached XP level 14. HP: 108/108 MP: 5/20
 17094 | Lair:5   | Received a gift from Okawaru
 17379 | Lair:6   | Entered Level 6 of the Lair of Beasts
 17390 | Lair:6   | Reached skill level 10 in Dodging
 17464 | Lair:6   | Found a staircase to the Slime Pits.
 17869 | Lair:6   | Received a gift from Okawaru
 17885 | Lair:6   | Reached skill level 5 in Throwing
 17906 | Lair:6   | Reached skill level 10 in Fighting
 18804 | Lair:6   | Reached skill level 6 in Throwing
 18968 | Lair:6   | Reached skill level 11 in Armour
 19045 | Lair:6   | Identified the +1 scale mail "Zaifox" {+Blink}
 19342 | Orc:1    | Entered Level 1 of the Orcish Mines
 19376 | Orc:1    | Received a gift from Okawaru
 19682 | Orc:1    | Found Xopo's Distillery.
 19766 | Orc:2    | Entered Level 2 of the Orcish Mines
 19838 | Orc:2    | Found a runed translucent door.
 19883 | Orc:2    | Found Eriatup's Antique Armour Shop.
 19892 | Orc:2    | Noticed an orc warlord
 19898 | Orc:2    | Found Hyopseph's General Store.
 19909 | Orc:1    | Reached skill level 11 in Dodging
 20139 | Orc:2    | Noticed Berder's ghost (journeyman DjCK)
 20207 | Orc:2    | HP: 6/111 [orc knight (46)]
 20207 | Orc:2    | Mangled by an orc knight

Vanquished Creatures
  A fire dragon (Lair:6)
  Josephine (D:11)
  2 boulder beetles
  7 hydras
  2 centaur warriors
  4 death yaks (Lair:4)
  6 two-headed ogres
  A swamp dragon (Lair:6)
  Pikel (D:6)
  An orc knight (Orc:1)
  2 cyclopes
  19 elephants
  A merfolk siren (Lair:2)
  6 black mambas
  An eye of devastation (Lair:6)
  A gargoyle (D:12)
  19 cane toads
  5 rime drakes
  2 freezing wraiths (D:10)
  14 komodo dragons
  3 ice devils (D:10)
  3 merfolk (Lair:2)
  2 trolls
  12 polar bears
  Grinder (D:3)
  4 raiju (Lair:6)
  20 blink frogs
  3 wraiths (D:11)
  7 spriggans (Lair:2)
  7 wyverns
  2 basilisks
  39 yaks
  3 steam dragons
  4 vampire mosquitoes (D:12)
  Edmund (D:6)
  6 wargs
  5 acid dragons
  4 nagas (Lair:3)
  12 water moccasins
  A floating eye (Lair:6)
  13 hell hounds (Lair:6)
  2 swamp drakes (Lair:6)
  4 ice beasts
  14 orc warriors
  14 black bears
  2 necrophages (D:5)
  7 ogres
  13 wolves (Lair:6)
  6 centaurs
  2 lemures (D:6)
  3 kobold brigands
  Blork the orc (D:4)
  5 bullfrogs
  A gnoll sergeant (D:7)
  A water moccasin zombie (D:6)
  2 scorpions (D:5)
  A water moccasin skeleton (D:5)
  7 killer bees
  A wight (D:7)
  5 centaur zombies
  2 hounds
  10 orc priests
  A jelly (D:4)
  A bullfrog zombie (D:5)
  2 centaur skeletons
  Terence (D:2)
  7 iguanas
  26 orc wizards
  A scorpion zombie (D:5)
  A killer bee zombie (D:8)
  A hound zombie (D:5)
  A hound skeleton (D:5)
  A howler monkey zombie (D:9)
  3 adders
  3 shadow imps
  4 white imps
  An ufetubus (D:5)
  2 worms
  4 dart slugs
  64 orcs
  8 ball pythons
  10 endoplasms
  6 giant cockroaches
  2 hobgoblins
  A jackal (D:5)
  2 quokkas
  8 bats
  2 frilled lizards
  9 goblins
  23 kobolds
  7 rats
553 creatures vanquished.

Vanquished Creatures (others)
  57 fungi
  62 plants
119 creatures vanquished.

Grand Total: 672 creatures vanquished

Table legend: (Time is in decaauts)
 A = Elapsed time spent in this place.
 B = Non-inter-level travel time spent in this place.
 C = Inter-level travel time spent in this place.
 D = Time resting spent in this place.
 E = Time spent auto-exploring this place.
 F = Levels seen in this place.
 G = Mean time per level.
                   A        B        C        D        E       F      G
               +--------+--------+--------+--------+--------+-----+--------+
         Total |  19750 |  19104 |    646 |   2918 |  12790 |  20 |  987.5 |
       Dungeon |  12082 |  11718 |    364 |   2044 |   7966 |  12 | 1006.8 |
          Lair |   6847 |   6594 |    253 |    658 |   4500 |   6 | 1141.2 |
  Orcish Mines |    820 |    793 |     27 |    216 |    324 |   2 |  410.0 |
               +--------+--------+--------+--------+--------+-----+--------+

Top non-repeatable levels by time:
  Lair:6: 1700 daAuts
  Lair:2: 1686 daAuts
    D:11: 1644 daAuts
     D:2: 1354 daAuts
    D:10: 1209 daAuts
     D:7: 1158 daAuts
  Lair:4: 1138 daAuts
     D:3: 1018 daAuts
     D:1: 959 daAuts
     D:6: 935 daAuts
    D:12: 925 daAuts
  Lair:3: 915 daAuts
     D:9: 904 daAuts
     D:5: 790 daAuts
  Lair:1: 740 daAuts

Table legend:
 A = Non-vault XP
 B = Vault XP
 C = Vault XP percentage of total XP
 D = Non-vault monster count
 E = Vault monster count
 F = Vault count percentage of total count
                 A         B        C        D         E       F
            +---------+---------+-------+---------+---------+-------
      Total |   67716 |   28547 |  29.7 |     395 |     156 |  28.3
            +---------+---------+-------+---------+---------+-------
        D:1 |      40 |       0 |   0.0 |      22 |       0 |   0.0
        D:2 |      27 |      36 |  57.1 |      13 |       1 |   7.1
        D:3 |     176 |     294 |  62.6 |      23 |       7 |  23.3
        D:4 |     249 |      94 |  27.4 |      15 |       1 |   6.2
        D:5 |     289 |     876 |  75.2 |      12 |      12 |  50.0
        D:6 |     747 |     824 |  52.5 |       9 |       2 |  18.2
        D:7 |     722 |     445 |  38.1 |      20 |       9 |  31.0
        D:8 |     716 |       0 |   0.0 |      14 |       0 |   0.0
        D:9 |    2475 |       0 |   0.0 |      31 |       0 |   0.0
       D:10 |    2128 |    1753 |  45.2 |       5 |       8 |  61.5
       D:11 |    5875 |    1528 |  20.6 |      22 |       4 |  15.4
       D:12 |    2650 |     229 |   8.0 |       8 |       9 |  52.9
     Lair:1 |    6115 |     343 |   5.3 |      23 |       1 |   4.2
     Lair:2 |    4331 |    4175 |  49.1 |      12 |      15 |  55.6
     Lair:3 |    6957 |     658 |   8.6 |      19 |       4 |  17.4
     Lair:4 |   10688 |       0 |   0.0 |      27 |       0 |   0.0
     Lair:5 |   10396 |    1445 |  12.2 |      31 |       7 |  18.4
     Lair:6 |   10399 |   14813 |  58.8 |      35 |      72 |  67.3
      Orc:1 |    2068 |     728 |  26.0 |      41 |       2 |   4.7
      Orc:2 |     668 |     306 |  31.4 |      13 |       2 |  13.3
            +---------+---------+-------+---------+---------+-------
